General information
- name: BNet
- type: Ladder 1vs1/FFA
- host: Battle.net
- saver: ROTS19
map: SecretValley
- players: 2
- length: 12:08
- speed: Fast
- version: 1.24 W3XP
- replay type: Public
» download(36 KB)
Players
team 1 (winner)

»
ROTS19 (
yellow | 62 APM | 756 actions | 12:08)
4 Lich
2 Frost Nova
2 Dark Ritual
1 Pandaren Brewmaster
1 Breath of Fire
» actions
| Assign group hotkey | 28 | |
| Basic commands | 21 | |
| Build / train | 40 | |
| Enter build submenu | 16 | |
| Enter hero's abilities submenu | 5 | |
| Right click | 351 | |
| Select / deselect | 183 | |
| Select group hotkey | 84 | |
| Use ability | 28 | |
756 total
» units
| Acolyte | 3 | |
| Ghoul | 19 | |
| Meatwagon | 1 | |
| Obsidian Statue | 2 | |
25 total
» upgrades
» buildings
| Crypt | 2 | |
| Graveyard | 1 | |
| Altar of Darkness | 1 | |
| Ziggurat | 4 | |
| Tomb of Relics | 1 | |
| Nerubian Tower | 2 | |
| Halls of the Dead | 1 | |
| Spirit Tower | 2 | |
| Slaughterhouse | 1 | |
15 total
» build order
00:17 Crypt
00:19 Graveyard
01:03 Altar of Darkness
01:15 Ziggurat
01:38 Tomb of Relics
02:04 Ziggurat
02:50 Nerubian Tower
02:54 Ziggurat
04:19 Halls of the Dead
04:55 Nerubian Tower
05:36 Spirit Tower
06:30 Ziggurat
08:07 Slaughterhouse
08:11 Crypt
12:03 Spirit Tower
» items
team 2 (loser)
caghnuzzler (
orange | 56 APM | 681 actions | 12:07)
3 Death Knight
2 Death Coil
1 Unholy Aura
» actions
| Assign group hotkey | 4 | |
| Basic commands | 16 | |
| Build / train | 22 | |
| Enter build submenu | 15 | |
| Enter hero's abilities submenu | 3 | |
| Give item / drop item | 1 | |
| Remove unit from queue | 1 | |
| Right click | 429 | |
| Select / deselect | 151 | |
| Select group hotkey | 7 | |
| Use ability | 32 | |
681 total
» units
| Acolyte | 2 | |
| Ghoul | 3 | |
| Crypt Fiend | 6 | |
11 total
» buildings
| Altar of Darkness | 1 | |
| Ziggurat | 6 | |
| Crypt | 5 | |
| Tomb of Relics | 1 | |
| Graveyard | 1 | |
| Nerubian Tower | 3 | |
| Halls of the Dead | 1 | |
18 total
» build order
00:09 Altar of Darkness
00:14 Ziggurat
00:28 Crypt
01:00 Tomb of Relics
01:19 Graveyard
01:39 Ziggurat
02:43 Ziggurat
03:19 Nerubian Tower
05:04 Nerubian Tower
05:18 Ziggurat
06:37 Halls of the Dead
09:49 Crypt
09:53 Crypt
09:56 Ziggurat
10:20 Nerubian Tower
11:44 Ziggurat
11:48 Crypt
11:50 Crypt
» items
| Rod of Necromancy | 1 | |
| Boots of Speed | 1 | |
2 total
Chat log
(00:08 / All) ROTS19: hi
(00:17 / All) caghnuzzler: sup
(01:51 / All) caghnuzzler: gl hf
(01:59 / All) ROTS19: ditto
(07:19 / All) caghnuzzler: klagg >.>
(07:25 / All) caghnuzzler: omg man
(07:35 / All) caghnuzzler: i would ask for rem but lagg would still be horrid
(07:40 / All) ROTS19: sure bud
(07:40 / All) ROTS19: sure
(07:43 / All) caghnuzzler: 3 fiends and dk lost because of that
(07:54 / All) ROTS19: Actaully you lost them because you didn't micro but w/e
(08:07 / All) caghnuzzler: oh , yes it's common for someone to charge dkinto army to get ff and finished w/o tp
(08:15 / All) caghnuzzler: i didnt micro because there was delay!!!
(08:22 / All) caghnuzzler: spamming command and fiend just sits there
(08:24 / All) ROTS19: well i didn't get any
(08:28 / All) ROTS19: maybe it's your comp
(08:31 / All) caghnuzzler: bleh, all you guys never listen
(08:33 / All) caghnuzzler: probly lol
(08:50 / All) ROTS19: but for real
(08:56 / All) ROTS19: if you're comp can't handle an 8 year old game
(08:58 / All) ROTS19: i dunno waht to say
(08:59 / All) caghnuzzler: i'm not a noob bro
(09:24 / All) caghnuzzler: >.> i run crysis w/ high settings as well as sc2 cranked to ultra
(09:33 / All) caghnuzzler: most likely the internet but idk
(09:42 / All) ROTS19: Well then this was an isolated incident and I don't know the cause
(10:04 / All) caghnuzzler: /agree
(10:46 / All) caghnuzzler: gg :D
(10:48 / All) ROTS19: gg
(11:15 / All) ROTS19: nice one
(11:18 / All) caghnuzzler: :D
(12:04 / All) caghnuzzler: well played.
(12:06 / All) ROTS19: gg